 Dungeon Crawl Stone Soup version 0.29.0-13-gc9e81de378 (webtiles) character file.

Game seed: 12118715061642606110

110 Persephone the Chopper (level 4, -16/37 HPs)
             Began as a Palentonga Fighter on Sept 7, 2022.
             Demolished by an ogre
             ... wielding a +0 giant spiked club
              (21 damage)
             ... on level 4 of the Dungeon.
             The game lasted 00:05:00 (2434 turns).

Persephone the Chopper (Palentonga Fighter)         Turns: 2434, Time: 00:05:00

Health: -16/37     AC:  7    Str: 21    XL:     4   Next: 61%
Magic:  4/4        EV:  8    Int:  8    God:
Gold:   220        SH:  4    Dex: 12    Spells: 3/3 levels left

rFire   . . .      SeeInvis +   f - +2 broad axe (elec)
rCold   . . .      Faith    .   c - +0 buckler
rNeg    + . .      Spirit   .   n - +1 ring mail of Umpo {rN+}
rPois   .          Reflect  .   (no helmet)
rElec   .          Harm     .   (no cloak)
rCorr   .          Rampage  .   (no gloves)
Will    .....                   (no barding)
Stlth   +.........              (no amulet)
HPRegen 0.12/turn               (no ring)
MPRegen 0.09/turn               (no ring)

@: no status effects
A: large, rugged brown scales 3, see invisible, deformed body, roll 1, armoured
tail
a: Rolling Charge


You were on level 4 of the Dungeon.
You visited 1 branch of the dungeon, and saw 4 of its levels.

You collected 220 gold pieces.

Inventory:

Hand Weapons
 a - a +0 war axe
 f - a +2 broad axe of electrocution (weapon)
Armour
 b - a +0 scale mail
 c - a +0 buckler (worn)
 n - the +1 ring mail of Umpo (worn) {rN+}
   (You found it on level 2 of the Dungeon)

   rN:        It protects you from negative energy.
Scrolls
 e - 3 scrolls of teleportation
 g - a scroll of vulnerability {unknown}
 j - a scroll of amnesia {unknown}
 l - a scroll of enchant weapon {unknown}
 m - a scroll of immolation {unknown}
 q - 2 scrolls of identify {unknown}
 s - a scroll of fog {unknown}
 u - a scroll of enchant armour {unknown}
Potions
 d - a potion of might
 h - 3 potions of degeneration {unknown}
 i - 3 potions of heal wounds {unknown}
 k - a potion of mutation {unknown}
 o - a potion of cancellation {unknown}
 p - 2 potions of curing {unknown}
 r - a potion of attraction {unknown}
 t - a potion of flight {unknown}


   Skills:
 - Level 3.0 Fighting
 + Level 4.8 Axes
 - Level 2.4 Armour
 - Level 2.7 Shields


You had 3 spell levels left.
You didn't know any spells.
Your spell library contained the following spells:

 Spells                   Type           Power      Damage    Failure   Level
 Sublimation of Blood     Necr           0%         N/A       80%         2
 Wereblood                Tmut           0%         N/A       80%         2
 Summon Hydra             Summ           0%         N/A       100%        7


Dungeon Overview and Level Annotations

Branches:
Dungeon (4/15)
 Temple: D:4-7

Altars:
Dithmenos

Shops:
D:1 [![(*


Innate Abilities, Weirdness & Mutations

You are completely covered in rugged brown scales. (AC +3, +7% HP)
You have supernaturally acute eyesight. (SInv)
Armour fits poorly on your strangely shaped body.
You can roll at nearby foes to attack.
You have a long armoured tail.


Message History

Key pressed, stopping explore.
e - 3 scrolls of teleportation (gained 1) Key pressed, stopping explore.
Key pressed, stopping explore.
Key pressed, stopping explore.
An orc comes into view. It is wielding a +0 flail.
An orc is nearby!
An ogre comes into view. It is wielding a +0 giant spiked club.
The ogre shouts!
An endoplasm comes into view.
You roll forward with a clatter of scales!
A hobgoblin comes into view.
It is wielding the +6 mace "Qogypn" {freeze, Int+7}.
You closely miss the orc.
The endoplasm quivers.
The hobgoblin shouts!
The orc barely misses you.
You hit the orc.
The orc is moderately wounded.
The orc closely misses you. The orc hits you but does no damage.
The ogre hits you with a +0 giant spiked club!!
Ouch! That really hurt!
* * * LOW HITPOINT WARNING * * *
The orc attacks as you move away! The orc hits you but does no damage.
The orc attacks as you move away! The orc hits you with a +0 flail.
* * * LOW HITPOINT WARNING * * *
The orc attacks as you move away! The orc hits you with a +0 flail.
* * * LOW HITPOINT WARNING * * *
The endoplasm jiggles.
The orc attacks as you move away! The orc hits you but does no damage.
The orc attacks as you move away! The orc hits you with a +0 flail.
* * * LOW HITPOINT WARNING * * *
You slash the orc!
You kill the orc!
You slash the endoplasm!
Lightning courses through the endoplasm!!
You kill the endoplasm!
The ogre attacks as you move away!
The ogre hits you with a +0 giant spiked club!!
Ouch! That really hurt!
You die...

#.......# #...#...###.#..)#..
.......# ###.###...#
#.#<..... #....# #...#<##.##
#.###..). #....#
#.###.##.####.# ##..# #....#
#.# #.....(...# #... #...g#
#.# #......########..
#....####.###........##......
#...g.....##.......#.##......
#####.######@#####.#.#####[#.
#.)..g.O.# #....##......
####.#.######..#.....#.#.
#...# #.............. #####
####...#.#.#.##
#######.###.#. #.......[...##
###.############
#...............


You could see an ogre and a hobgoblin.

Vanquished Creatures
  A gnoll (D:3)
  2 adders (D:3)
  2 ufetubi (D:4)
  2 worms (D:2)
  2 dart slugs
  An orc (D:4)
  5 endoplasms
  A giant cockroach (D:2)
  12 goblins
  5 hobgoblins
  5 kobolds
  A quokka (D:2)
  7 ball pythons
  7 bats
  4 frilled lizards
  7 rats
64 creatures vanquished.

Notes
Turn   | Place    | Note
-------+----------+-------------------------------------------
     0 | D:1      | Persephone the Palentonga Fighter began the quest for the
                  | Orb.
     0 | D:1      | Reached XP level 1. HP: 19/19 MP: 1/1
    23 | D:1      | Found Wimame's Antique Weapon Shop.
    34 | D:1      | Found Geonkex's Antique Armour Boutique.
    41 | D:1      | Reached XP level 2. HP: 20/25 MP: 2/2
   251 | D:1      | Found Fanuf's Distillery.
   259 | D:1      | Reached skill level 3 in Axes
   334 | D:1      | Found Uqoalep's Antique Armour Shop.
   466 | D:1      | Found Ruwkoth's General Store.
   651 | D:2      | Reached XP level 3. HP: 25/31 MP: 3/3
   970 | D:2      | Found a shadowy altar of Dithmenos.
  1099 | D:2      | Identified the +1 ring mail of Umpo {rN+}
  1547 | D:3      | Identified a scroll of acquirement
  1547 | D:3      | Acquired a +2 broad axe of electrocution
  1618 | D:3      | Reached skill level 4 in Axes
  1623 | D:3      | Reached XP level 4. HP: 37/37 MP: 4/4
  2416 | D:4      | Noticed an ogre
  2418 | D:4      | Identified the +6 mace "Qogypn" {freeze, Int+7}
  2434 | D:4      | Demolished by an ogre

Illustrated notes

Levels and vault maps discovered:
D:1:      amcnicky_arrival_flooded_fountain, layout_rooms, serial_shops,
          nicolae_shop_window_shopping, nicolae_shop_statue_plus,
          nicolae_diamond_shop, shop, shop
D:2:      layout_loops_ring, basic_altar
D:3:      cheibrodos_helix_gallery, layout_basic
D:4:      layout_basic, moated_statue

Skill      XL: |  1  2  3 |
---------------+----------+-----
Axes           | 3 4 |  4.8
Fighting       | |  3.0
Armour         | |  2.4
Shields        | |  2.7

Action                   |  1- 3 |  4- 6 || total
-------------------------+-------+-------++-------
Melee: War axe           |   103 |       ||   103
       Tailslap          |    12 |       ||    12
       Broad axe         |     6 |    30 ||    36
 Abil: Rolling Charge    |     6 |     6 ||    12
  Use: Scroll            |     2 |       ||     2
Armor: Scale mail        |    42 |       ||    42
       Ring mail         |     9 |    17 ||    26
Dodge: Dodged            |    43 |    11 ||    54
Block: Buckler           |    17 |     3 ||    20
